 Dungeon Crawl Stone Soup version 0.29.0-4-gdea44cf6ec (webtiles) character file.

Game seed: 307231488779773220

44 qw the Chopper (level 3, 0/21 HPs)
             Began as a Tengu Warper on Aug 28, 2022.
             Succumbed to an adder's poison
             ... on level 1 of the Dungeon.
             The game lasted 00:00:06 (1169 turns).

qw the Chopper (Tengu Warper)                       Turns: 1169, Time: 00:00:06

Health: 0/21       AC:  8    Str: 13    XL:     3   Next: 62%
Magic:  7/7        EV:  6    Int: 13    God:
Gold:   2          SH:  0    Dex: 13    Spells: 6/6 levels left

rFire   . . .      SeeInvis .   Y - +0 hand axe
rCold   . . .      Faith    .   (no shield)
rNeg    . . .      Spirit   .   a - +0 chain mail
rPois   .          Reflect  .   (helmet restricted)
rElec   .          Harm     .   (no cloak)
rCorr   .          Rampage  .   (no gloves)
Will    .....                   (boots unavailable)
Stlth   ..........              (no amulet)
HPRegen 0.07/turn               (no ring)
MPRegen 0.10/turn               (no ring)

@: lethally poisoned (0 -> -4)
A: beak, talons 3
a: no special abilities


You were on level 1 of the Dungeon.
You visited 1 branch of the dungeon, and saw 2 of its levels.

You collected 67 gold pieces.
You spent 65 gold pieces at shops.


Innate Abilities, Weirdness & Mutations

You have a beak for a mouth.
You have claws for feet.


   Skills:
 - Level 2.0 Fighting
 + Level 4.3 Axes
 - Level 1.0 Throwing
 - Level 1.1 Armour
 - Level 2.1 Dodging
 - Level 2.0 Spellcasting
 - Level 2.4 Translocations


You had 6 spell levels left.
You didn't know any spells.
Your spell library contained the following spells:

 Spells                   Type           Power      Damage    Failure   Level
 Blink                    Tloc           14%        N/A       99%         2
 Gell's Gravitas          Tloc           7%         N/A       100%        3
 Lesser Beckoning         Tloc           7%         N/A       100%        3
 Teleport Other           Tloc           7%         N/A       100%        3
 Manifold Assault         Tloc           7%         N/A       100%        5

Inventory:

Hand Weapons
 g - a +0 whip
 Y - a +0 hand axe (weapon)
Armour
 a - a +0 chain mail (worn)
Scrolls
 b - a scroll of identify
Potions
 d - a potion of haste {unknown}
 i - a potion of invisibility {unknown}
 j - a potion of mutation {unknown}

Dungeon Overview and Level Annotations

Branches:
Dungeon (2/15)

Altars:

Shops:
D:2 *


Message History

The adder closely misses you.
You hit the adder but do no damage. Your kick misses the adder.
The adder is heavily wounded.
The adder bites you but does no damage. The adder barely misses you.
You hit the adder but do no damage. Your kick misses the adder.
Your peck misses the adder.
The adder is heavily wounded.
The adder bites you.
You are poisoned.
The adder poisons you!
You closely miss the adder.
The adder is heavily wounded.
You feel sick. The adder bites you but does no damage.
You miss the adder.
The adder is heavily wounded.
You feel sick. The adder bites you. x2
You barely miss the adder. Your kick misses the adder.
The adder is heavily wounded.
You feel sick.
You are no longer poisoned.
The adder bites you.
You are poisoned.
The adder poisons you!
You closely miss the adder.
The adder is heavily wounded.
You feel sick. The adder bites you but does no damage.
The adder barely misses you.
You miss the adder. Your kick misses the adder.
The adder is heavily wounded.
You feel sick. The adder bites you but does no damage.
You closely miss the adder. Your kick misses the adder.
The adder is heavily wounded.
You feel sick.
You are no longer poisoned.
The adder bites you.
You are lethally poisoned!
The adder poisons you!
You barely miss the adder.
The adder is heavily wounded.
You die...

...# ##.#.## ##.#
##.## #.# #.# #.#
#.# #.# ####.# #.#
#####....# ##.#
##....~~~.## ...#
#~~..~...~S##
#..######..~~~..@#
.....#~~~.~~7.~~.#
#.##...~.~#~~~##.#
..###.~.~~7~7~~..#
### #..##~~..7~#.#
~# ##...~.~.~##.#
### #.~..~~~###)#
..# ##~?.~.~~~#.#
#.# ####.#####.#


You could see an adder.

Vanquished Creatures
  Natasha (D:2)
  A dart slug (D:1)
  A ball python (D:1)
  2 endoplasms
  A giant cockroach (D:2)
  3 hobgoblins (D:1)
  2 quokkas (D:1)
  A bat (D:1)
  A kobold (D:1)
  5 rats (D:1)
18 creatures vanquished.

Notes
Turn   | Place    | Note
-------+----------+-------------------------------------------
     0 | D:1      | qw the Tengu Warper began the quest for the Orb.
     0 | D:1      | Reached XP level 1. HP: 12/12 MP: 4/4
     0 | D:1      | 0 ||| qw: Version: 0.1-a-89-g26bdef1
     0 | D:1      | 0 ||| qw: Game counter: 108
     0 | D:1      | 0 ||| qw: Always use a shield: true
     0 | D:1      | 0 ||| qw: God list: Okawaru
     0 | D:1      | 0 ||| qw: Allow faded altars: false
     0 | D:1      | 0 ||| qw: Do Orc after D:15 true
     0 | D:1      | 0 ||| qw: Do second Lair branch before Depths: true
     0 | D:1      | 0 ||| qw: Lair rune preference: random
     0 | D:1      | 0 ||| qw: Plans: Normal
     0 | D:1      | 0 ||| PLANNING D:1-11
    43 | D:1      | 43 ||| Stepping ~*~*~tactically~*~*~ (stealth).
   103 | D:1      | Reached skill level 3 in Axes
   103 | D:1      | Reached XP level 2. HP: 17/17 MP: 6/6
   272 | D:1      | Found a faded altar of an unknown god.
   984 | D:1      | 984 ||| UPGRADING to +0 ring mail.
   994 | D:1      | 994 ||| DROPPING +0 leather armour.
   995 | D:1      | 995 ||| READING scroll labelled BOEPSYKEFI.
  1000 | D:1      | 1000 ||| DROPPING scroll of blinking.
  1011 | D:2      | Found Fikhass's General Store.
  1021 | D:2      | 1021 ||| BUYING +0 chain mail (45 gold).
  1021 | D:2      | Bought a +0 chain mail for 45 gold pieces
  1021 | D:2      | 1021 ||| SHOPLISTING +0 war axe (35 gold, have 22).
  1021 | D:2      | 1021 ||| SHOPLISTING potion of cancellation (80 gold, have
                  | 22).
  1021 | D:2      | 1021 ||| SHOPLISTING potion of curing (30 gold, have 22).
  1021 | D:2      | 1021 ||| BUYING scroll of identify (20 gold).
  1021 | D:2      | Bought a scroll of identify for 20 gold pieces
  1034 | D:2      | Noticed Natasha
  1035 | D:2      | 1035 ||| Stepping ~*~*~tactically~*~*~ (hiding).
  1043 | D:2      | Killed Natasha
  1044 | D:2      | Reached skill level 4 in Axes
  1044 | D:2      | Reached XP level 3. HP: 18/21 MP: 7/7
  1091 | D:2      | 1091 ||| FLEEEEING.
  1092 | D:2      | 1092 ||| FLEEEEING.
  1096 | D:2      | 1096 ||| FLEEEEING.
  1097 | D:2      | 1097 ||| FLEEEEING.
  1103 | D:2      | 1103 ||| FLEEEEING.
  1104 | D:2      | 1104 ||| FLEEEEING.
  1105 | D:2      | 1105 ||| FLEEEEING.
  1106 | D:2      | 1106 ||| FLEEEEING.
  1107 | D:2      | 1107 ||| FLEEEEING.
  1108 | D:2      | 1108 ||| FLEEEEING.
  1110 | D:2      | 1110 ||| FLEEEEING.
  1111 | D:2      | 1111 ||| FLEEEEING.
  1112 | D:2      | 1112 ||| STAIRDANCE
  1141 | D:1      | 1141 ||| UPGRADING to +0 chain mail.
  1151 | D:1      | 1151 ||| DROPPING +0 ring mail.
  1156 | D:2      | 1156 ||| STAIRDANCE
  1168 | D:1      | HP: 5/21 [poisoned by an adder]
  1168 | D:1      | HP: 2/21 [adder (3)]
  1169 | D:1      | Succumbed to an adder's poison

Levels and vault maps discovered:
D:1:      lightli_arrival_flooded_house, layout_loops_ring,
          dreamdust_ecumenical_altar_statues, serial_rivers,
          chequers_serial_rivers_micro_b, chequers_serial_rivers_marsh,
          chequers_serial_rivers_large_a, chequers_serial_rivers_small_b,
          chequers_serial_rivers_room_b
D:2:      layout_rooms, serial_shops, nicolae_square_shop, basic_altar,
          minmay_heptomino_d4, uniq_natasha, uniq_terence

Skill      XL: |  1  2 |
---------------+-------+-----
Axes           | 3 4 |  4.3
Fighting       | |  2.0
Throwing       | |  1.0
Armour         | |  1.1
Dodging        | |  2.1
Spellcasting   | |  2.0
Translocations | |  2.4

Action                   || total
-------------------------++-------
Melee: Hand axe          ||    33
       Kick              ||     5
       Peck              ||     4
Throw: Boomerang         ||     7
       Javelin           ||    11
  Use: Scroll            ||     1
Armor: Leather armour    ||     2
       Chain mail        ||     6
       Ring mail         ||     1
Dodge: Dodged            ||    16

Table legend:
 A = Non-vault XP
 B = Vault XP
 C = Vault XP percentage of total XP
 D = Non-vault monster count
 E = Vault monster count
 F = Vault count percentage of total count
                 A         B        C        D         E       F
            +---------+---------+-------+---------+---------+-------
      Total |      29 |      35 |  54.7 |      17 |       1 |   5.6
            +---------+---------+-------+---------+---------+-------
        D:1 |      25 |       0 |   0.0 |      15 |       0 |   0.0
        D:2 |       4 |      35 |  89.7 |       2 |       1 |  33.3
            +---------+---------+-------+---------+---------+-------
